 Dungeon Crawl Stone Soup version 0.30-a0-777-ga9a30cbeda (webtiles) character file.

Game seed: 11231780739981282487

935 tilp the Slasher (level 8, -1/67 HPs)
             Began as a Meteoran Fighter on Feb 13, 2023.
             Slain by an orc
             ... wielding a +0 halberd
              (8 damage)
             ... in a bailey.
             The game lasted 00:07:11 (1256 turns).

tilp the Slasher (Meteoran Fighter)                 Turns: 1256, Time: 00:07:11

Health: -1/67      AC:  9    Str: 17    XL:     8   Next: 59%
Magic:  9/9        EV:  8    Int: 10    God:
Gold:   193        SH:  5    Dex: 16    Spells: 7/7 levels left

rFire   . . .      SeeInvis .    a - +0 long sword (spect)
rCold   . . .      Faith    .    c - +0 buckler
rNeg    . . .      Spirit   .    l - +0 chain mail
rPois   .          Reflect  .    (no helmet)
rElec   .          Harm     .    (no cloak)
rCorr   .          Rampage  .    (no gloves)
Will    +....                    (no boots) Stlth
                                 (no amulet)
HPRegen 0.31/turn                i - ring of flight
MPRegen 0.11/turn                (no ring)

@: flying, glowing
A: sense surroundings 1, otherworldly, glowing, explore regen
a: no special abilities


You were in a bailey.
You visited 1 branch of the dungeon, and saw 6 of its levels.
You also visited: Bailey.

You collected 193 gold pieces.

Inventory:

Hand Weapons
 a - a +0 spectral long sword (weapon)
 b - a +0 dagger of venom
Missiles
 e - 2 throwing nets {!f}
 f - 11 stones
 m - a boomerang
 p - 5 poisoned darts (quivered)
 r - 3 javelins
Armour
 c - a +0 buckler (worn)
 j - the +0 leather armour of the Snake Pit {rElec rPois Regen+ Int-5}
   (You found it on level 2 of the Dungeon)

   Int:       It affects your intelligence (-5).
   rElec:     It insulates you from electricity.
   rPois:     It protects you from poison.
   Regen:     It increases your rate of health regeneration.
 l - a +0 chain mail (worn)
Jewellery
 i - a ring of flight (left hand)
Wands
 d - a wand of roots (4)
 q - a wand of paralysis (11)
Scrolls
 g - a scroll of teleportation
 n - a scroll of blinking
 o - a scroll of immolation
Potions
 h - 2 potions of curing {unknown}
 k - a potion of degeneration {unknown}


   Skills:
 * Level 4.7 Fighting
 * Level 6.5 Long Blades
 + Level 2.6 Throwing
 + Level 4.4 Armour
 + Level 4.4 Dodging
 + Level 2.3 Stealth
 - Level 4.0 Shields
 + Level 2.9 Evocations


You had 7 spell levels left.
You didn't know any spells.
Your spell library was empty.

Dungeon Overview and Level Annotations

Branches:
Dungeon (7/15) Zot: 2397   Bailey (1/1) Zot: 480
 Temple: D:4-7

Altars:
Xom

Annotations:
D:3 dig vault


Innate Abilities, Weirdness & Mutations

You passively map a small area around you.
You are easily found by Zot.
You glow in the dark.
You regain HP and MP as you explore.


Message History

Your +0 spectral long sword hits the orc warrior!
The orc warrior hits your +0 spectral long sword but does no damage.
You strike the helpless orc warrior from behind!
You hit the orc warrior but do no damage.
The orc warrior is almost dead.
Your +0 spectral long sword hits the orc warrior!
You kill the orc warrior!
You block the orc's attack. The orc warrior closely misses you.
Things that are here:
a +0 glaive; a +0 ring mail; an orc corpse The orc hits you with a +0 halberd.
The orc warrior hits you with a +0 bardiche!!
You barely miss the orc warrior.
Your +0 spectral long sword hits the orc warrior!
The orc hits you but does no damage.
The orc warrior hits you with a +0 bardiche!
You hit the orc warrior but do no damage.
The orc warrior is moderately wounded.
Your +0 spectral long sword completely misses the orc warrior.
The orc hits you with a +0 halberd!
* * * LOW HITPOINT WARNING * * *
The orc warrior hits you with a +0 bardiche!
* * * LOW HITPOINT WARNING * * *
You slash the orc warrior!
The orc warrior is heavily wounded.
Your +0 spectral long sword hits the orc warrior.
An orc warrior comes into view. It is wielding a +0 halberd.
The orc hits you with a +0 halberd.
* * * LOW HITPOINT WARNING * * *
The orc warrior hits your +0 spectral long sword with a +0 bardiche.
Your spectral weapon shares its damage with you!
* * * LOW HITPOINT WARNING * * *
You catch the helpless orc warrior completely off-guard!
You hit the orc warrior but do no damage.
The orc warrior is severely wounded.
Your +0 spectral long sword hits the orc warrior!
You kill the orc warrior!
The orc hits you with a +0 halberd!
You die...

#≈≈..≈≈.≈≈≈...≈≈≈.≈.≈≈.#
#≈≈⌠.)≈≈).≈≈≈≈≈..≈≈.≈.##,
##≈≈..)≈≈≈.....≈≈≈.≈≈.#
##≈≈..).≈≈≈≈≈≈≈..≈≈..#
,,* ##≈.)≈≈.......≈≈≈.⌠.#
#≈...≈≈≈≈≈≈≈≈≈....##
#≈............#####.. ~ ~
####'##########⌠....o
#...........)@)......,
##..........o.(......
##≈≈≈≈≈≈≈≈≈≈≈≈≈≈≈≈≈#
################### **


You could see an orc warrior (distracted), an orc and a friendly +0 spectral
long sword (summoned).

Vanquished Creatures
  Grinder (D:3)
  A sky beast (D:7)
  3 orc warriors
  A centaur (Bailey)
  An ogre (D:3)
  A bullfrog (D:7)
  A scorpion (D:3)
  Natasha (twice) (D:3)
  Ijyb (D:3)
  3 gnolls (D:3)
  An adder (D:2)
  A white imp (D:4)
  2 worms
  2 dart slugs
  12 orcs
  4 bats (D:2)
  9 endoplasms
  A giant cockroach (D:3)
  4 goblins
  3 hobgoblins
  4 jackals (D:1)
  A quokka (D:1)
  2 ball pythons
  3 frilled lizards
  3 kobolds
  A rat (D:3)
68 creatures vanquished.

Notes
Turn   | Place    | Note
-------+----------+-------------------------------------------
     0 | D:1      | tilp the Meteoran Fighter began the quest for the Orb.
     0 | D:1      | Reached XP level 1. HP: 19/19 MP: 2/2
    63 | D:1      | Reached XP level 2. HP: 7/26 MP: 3/3
   176 | D:1      | Reached skill level 1 in Dodging
   214 | D:1      | Reached XP level 3. HP: 11/31 MP: 4/4
   241 | D:2      | Identified the +0 leather armour of the Snake Pit {rElec
                  | rPois Regen+ Int-5}
   287 | D:2      | Reached skill level 3 in Long Blades
   335 | D:2      | Reached skill level 1 in Stealth
   340 | D:2      | Found a shimmering altar of Xom.
   361 | D:2      | Reached XP level 4. HP: 35/38 MP: 5/5
   570 | D:3      | Noticed Ijyb
   584 | D:3      | Killed Ijyb
   588 | D:3      | Noticed an ogre
   591 | D:3      | Killed an ogre
   592 | D:3      | Reached XP level 5. HP: 38/46 MP: 6/6
   592 | D:3      | Reached XP level 6. HP: 42/52 MP: 7/7
   683 | D:3      | Reached skill level 4 in Long Blades
   696 | D:3      | Noticed Grinder
   707 | D:3      | Paralysed by Grinder for 5 turns
   714 | D:3      | Killed Grinder
   715 | D:3      | Reached skill level 1 in Throwing
   715 | D:3      | Reached skill level 1 in Evocations
   715 | D:3      | Reached XP level 7. HP: 7/59 MP: 8/8
   749 | D:3      | Noticed Natasha
   763 | D:3      | Killed Natasha
   764 | D:3      | Reached skill level 5 in Long Blades
   818 | D:3      | Noticed Natasha
   840 | D:3      | Killed Natasha
  1003 | D:4      | You are sucked into a shaft and drop 3 floors!
  1030 | D:7      | Reached skill level 6 in Long Blades
  1082 | D:7      | Reached XP level 8. HP: 45/66 MP: 9/9
  1118 | D:7      | Found a flagged portal.
  1140 | Bailey   | Entered a bailey
  1256 | Bailey   | Slain by an orc

Illustrated notes

Levels and vault maps discovered:
D:1:      dpeg_arrival_ternary, layout_basic, minmay_misc_feat_rows,
          minmay_3d_cube
D:2:      layout_basic, hellmonk_ecumenical_altar_blasted, basic_altar
D:3:      layout_basic, serial_glass, glass_columns_a, glass_columns_a,
          glass_columns_a, glass_columns_b, glass_columns_a, glass_columns_b,
          minmay_strange_pillars, due_unseen_surprise, feat_on_display,
          minmay_strange_pillars, uniq_grinder, uniq_ijyb, uniq_natasha
D:4:      layout_loops_ring, uniq_crazy_yiuf_cottage
D:6:      layout_basic, minitemple, nicolae_uskayaw_en_pointe,
          dreamdust_princess_corridor, nicolae_figureground_sparkle
D:7:      layout_loops_ring, minmay_temple_entry_tees, enter_bailey_2, hex_tiny,
          minmay_tree_intersection, chequers_serial_rivers_micro_e
Bailey:   bailey_polearm_flooded_kennysheep, bailey

Skill      XL: |  1  2  3  4  5  6  7 |
---------------+----------------------+-----
Dodging        | 1 2 3 4 |  4.4
Long Blades    | 3 4 6 |  6.5
Stealth        | 1 2 |  2.3
Armour         | 4 |  4.4
Shields        | 4 |  4.0
Fighting       | 4 |  4.7
Throwing       | 1 2 |  2.6
Evocations     | 1 2 |  2.9

Action                     |  1- 3 |  4- 6 |  7- 9 || total
---------------------------+-------+-------+-------++-------
  Melee: Long sword        |    90 |    47 |    99 ||   236
  Throw: Stone             |     1 |       |       ||     1
         Dart              |       |       |     4 ||     4
  Evoke: Wand              |       |     2 |       ||     2
    Use: Scroll            |       |     4 |     1 ||     5
         Potion            |       |     1 |       ||     1
   Stab: Distracted        |       |       |     2 ||     2
 Armour: Scale mail        |    49 |    18 |       ||    67
         Chain mail        |       |     7 |    40 ||    47
  Dodge: Dodged            |    44 |    16 |    27 ||    87
  Block: Buckler           |    35 |    15 |    24 ||    74

Table legend: (Time is in decaauts)
 A = Elapsed time spent in this place.
 B = Non-inter-level travel time spent in this place.
 C = Inter-level travel time spent in this place.
 D = Time resting spent in this place.
 E = Time spent auto-exploring this place.
 F = Levels seen in this place.
 G = Mean time per level.
                   A        B        C        D        E       F      G
               +--------+--------+--------+--------+--------+-----+--------+
         Total |   1321 |   1235 |     86 |     18 |      0 |   7 |  188.7 |
       Dungeon |   1202 |   1116 |     86 |     18 |      0 |   6 |  200.3 |
        Bailey |    118 |    118 |      0 |      0 |      0 |   1 |  118.0 |
               +--------+--------+--------+--------+--------+-----+--------+

Top non-repeatable levels by time:
     D:3: 541 daAuts
     D:1: 239 daAuts
     D:2: 223 daAuts
     D:7: 139 daAuts
  Bailey: 118 daAuts
     D:4: 57 daAuts
     D:6: 1 daAuts
